 Dungeon Crawl Stone Soup version 0.26.1-11-gd32895ea62 (webtiles) character file.

Game seed: 16368451821698401265

17981 DildoBatman the Geomancer (level 12, -13/94 HPs)
             Began as a Formicid Conjurer on July 25, 2021.
             Was a High Priest of Kikubaaqudgha.
             Collided with a rock wall (18 damage)
             ... caused by a wretched star
             ... on level 2 of the Abyss.
             The game lasted 00:57:18 (13066 turns).

DildoBatman the Geomancer (Formicid Conjurer)      Turns: 13066, Time: 00:57:18

Health: -13/94     AC: 11    Str: 10 (12) XL:     12   Next: 89%
Magic:  14/22      EV: 13    Int: 24 (25) God:    Kikubaaqudgha [*****.]
Gold:   522        SH:  0    Dex: 33      Spells: 2/25 levels left

rFire    + . .     SeeInvis +   a - +8 great mace "Lerelley" {drain, Int+4 Dex+6 Stlth+}
rCold    . . .     Faith    +   (no shield)
rNeg     . . .     Spirit   .   p - +3 ring mail of the Eternal Void {rElec rPois Regen+}
rPois    +         Reflect  .   (helmet unavailable)
rElec    +         Harm     .   K - scarf {+Inv}
rCorr    .         Rampage  .   O - +2 pair of gloves
Will     +....                  w - +0 pair of boots
Stlth    ++++++....             R - amulet of faith
HPRegen  1.05/turn              e - ring "Ceck" {+Inv rF+ Dex+6 SInv}
MPRegen  0.18/turn              v - +6 ring of dexterity

@: brilliant
A: permanent stasis, dig shafts and tunnels, four strong arms, antennae 3, thin
skeletal structure 1, clever 1, [deformed body], [deterioration 2], regeneration
1, robust 1, [no potion heal 2]
a: Dig, Shaft Self, Renounce Religion, Evoke Invisibility, Receive Corpses,
Torment


You were on level 2 of the Abyss.
You worshipped Kikubaaqudgha.
Kikubaaqudgha was extremely pleased with you.
You visited 3 branches of the dungeon, and saw 13 of its levels.
You visited the Abyss 1 time.

You collected 567 gold pieces.
You spent 45 gold pieces at shops.

Inventory:

Hand Weapons
 a - the +8 great mace "Lerelley" (weapon) {drain, Int+4 Dex+6 Stlth+}
   (You took it off an ogre on level 8 of the Dungeon)

   A truly terrible weapon, it drains the life of those it strikes.
   It affects your intelligence (+4).
   It affects your dexterity (+6).
   It makes you more stealthy.
 b - a +2 vorpal hunting sling
 d - a +2 long sword of freezing
Missiles
 f - 75 bolts
 i - 229 arrows
 u - 432 stones
 G - 124 sling bullets
Armour
 o - a +2 troll leather armour
 p - the +3 ring mail of the Eternal Void (worn) {rElec rPois Regen+}
   (You found it on level 8 of the Dungeon)

   It insulates you from electricity.
   It protects you from poison.
   It increases your rate of regeneration.
 w - a +0 pair of boots (worn)
 K - a scarf of invisibility (worn)
 O - a +2 pair of gloves (worn)
Jewellery
 e - the ring "Ceck" (left hand) {+Inv rF+ Dex+6 SInv}
   (You found it on level 11 of the Dungeon)

   [ring of dexterity]

   It affects your dexterity (+6).
   It protects you from fire.
   It lets you see invisible.
   It lets you turn invisible.
 g - an uncursed amulet of reflection
 h - a cursed ring of teleportation {unknown}
 r - an uncursed ring of willpower
 v - a +6 ring of dexterity (right hand)
 R - an amulet of faith (around neck)
Wands
 y - a wand of disintegration (11)
 L - a wand of flame (27)
 S - a wand of paralysis (8)
Scrolls
 k - a scroll of fear
 l - a scroll of magic mapping
 m - a scroll of enchant weapon
 q - 3 scrolls of fog
 x - 8 scrolls of remove curse
 I - a scroll of vulnerability {unknown}
 J - a scroll of noise {unknown}
 N - a scroll of holy word {unknown}
Potions
 c - 2 potions of degeneration {unknown}
 j - 2 potions of flight {unknown}
 n - 2 potions of mutation
 s - a potion of berserk rage {unknown}
 t - a potion of brilliance
 B - 11 potions of curing
 C - 2 potions of attraction {unknown}
 D - a potion of invisibility {unknown}
 E - a potion of ambrosia {unknown}
 M - a potion of lignification {unknown}
 P - a potion of might {unknown}
 Q - 2 potions of resistance {unknown}
 T - a potion of magic {unknown}


   Skills:
 - Level 5.0 Fighting
 - Level 5.0 Armour
 - Level 3.0 Dodging
 * Level 6.3 Stealth
 - Level 7.0 Spellcasting
 - Level 6.0 Conjurations
 - Level 9.0 Necromancy
 - Level 6.0 Fire Magic
 - Level 6.0 Air Magic
 * Level 11.1 Earth Magic
 - Level 5.0 Poison Magic


You had 2 spell levels left.
You knew the following spells:

 Your Spells              Type           Power        Failure   Level
a - Borgnjor's Vile Clut  Necr/Erth      35%          8%          5
b - Conjure Flame         Conj/Fire      54%          4%          3
c - Searing Ray           Conj           100%         2%          2
d - Vampiric Draining     Necr           33%          1%          3
e - Mephitic Cloud        Conj/Pois/Air  52%          4%          3
g - Magic Dart            Conj           100%         1%          1
h - Dispel Undead         Necr           67%          4%          4
z - Sublimation of Blood  Necr           33%          1%          2

Your spell library contained the following spells:

 Spells                   Type           Power        Failure   Level
 Pain                     Necr           100%         1%          1
 Corpse Rot               Necr/Air       N/A          1%          2
 Call Imp                 Summ           12%          26%         2
 Slow                     Hex            12%          26%         2
 Agony                    Necr           67%          12%         5
 Dazzling Flash           Conj/Hex       68%          14%         3
 Fulminant Prism          Conj/Hex       17%          43%         4
 Iskenderun's Mystic Bla  Conj/Tloc      34%          43%         4
 Death Channel            Necr           33%          54%         6
 Simulacrum               Ice/Necr       22%          99%         6
 Blink                    Tloc           Unusable     N/A         2

Dungeon Overview and Level Annotations

Branches:
Dungeon (11/15)            Temple (1/1) D:6            Lair (0/6) D:8
    Orc (1/2) D:9

Altars:
Ashenzari
Cheibriados
Dithmenos
Elyvilon
Fedhas
Gozag
Hepliaklqana
Kikubaaqudgha
Makhleb
Nemelex Xobeh
Okawaru
Qazlal
Ru
Sif Muna
Trog
Uskayaw
Vehumet
Wu Jian
Xom
Yredelemnul
Zin
The Shining One

Shops:
D:5 *   D:10 =

Annotations:
Orc:1 Jorgrun


Innate Abilities, Weirdness & Mutations

You cannot be hasted, slowed, berserked, paralysed or teleported.
You can dig through walls and to a lower floor.
Your four strong arms can wield two-handed weapons with a shield.
You have a pair of large antennae on your head. (SInv)
You have a somewhat thin skeletal structure. (Dex +2, Stealth)
Your mind is acute. (Int +2)
Your natural rate of healing is unusually fast.
You are robust. (+10% HP)
[Armour fits poorly on your strangely shaped body.]
[Your body often deteriorates upon taking damage.]
[Potions are poor at restoring your health.]


Message History

Your body deteriorates!
You feel weakened.
You are knocked back by the lance of force.
You slam into the rock wall!
Your system partially rejects the healing.
You feel better.
The starcursed mass is engulfed in blazing flames.
You extend your mandibles.
You dig through the rock wall. 3 golden eyes come into view.
You retract your mandibles.
You open the door.
The wretched star glows turbulently.
The lance of force hits you!!
Your body deteriorates!
You feel weakened.
You are knocked back by the lance of force.
You slam into the rock wall!
You die...
Kikubaaqudgha rasps: "You have failed me!
Welcome... death!"

# #. . #.#.##... .
#{ ..#. ##*. . #
... #X. #.. #. #{#
..#.# ....#.
.#.##......#
.#.#.####.
#*####.##
##...##3##*.##..+
#. ... ..{....#.+
......G.G...#.##
#..............#@#
#......GG....#.+##
#.# # ##########
..## .... .... #
.... .. #. .# ..
..### .


You could see a wretched star.

Vanquished Creatures
  Gastronok (D:9)
  A green death (Abyss:2)
  2 two-headed ogres
  3 thrashing horrors (Abyss:2)
  The ghost of Bergy the Cleaver, a novice PaFi of Makhleb (D:8)
  The ghost of Kaiern the Slasher, a novice TeFi of Dithmenos (D:7)
  A necromancer (D:11)
  A cyclops (D:10)
  Joseph (D:7)
  3 centaur zombies (D:11)
  An apocalypse crab (Abyss:2)
  2 centaur skeletons
  An ancient zyme (Abyss:2)
  A troll (D:10)
  Grinder (D:2)
  2 flying skulls (D:11)
  A ynoxinul (Abyss:2)
  A wyvern (D:9)
  2 wraiths (D:10)
  Eustachio (D:4)
  2 small abominations (Abyss:2)
  A fire bat (Abyss:2)
  A golden eye (Abyss:2)
  Edmund (D:5)
  A warg (Orc:1)
  2 water moccasins
  9 orc warriors
  An ice beast (D:5)
  4 sky beasts
  2 black bears
  A centaur (D:7)
  6 ogres
  A big kobold (D:10)
  6 bullfrogs
  5 scorpions
  A water moccasin skeleton (D:9)
  A killer bee (D:9)
  5 howler monkeys
  16 wights
  2 bullfrog zombies
  An iron imp (Abyss:2)
  9 orc priests
  6 bullfrog skeletons
  6 hounds
  A jelly (D:10)
  20 orc wizards
  2 iguanas
  11 worker ants
  A hound skeleton (D:7)
  3 worker ant zombies
  Robin (D:3)
  3 gnolls (D:9)
  18 adders
  A howler monkey skeleton (D:4)
  2 shadow imps
  6 white imps
  An ooze (D:6)
  2 adder zombies
  3 worms
  4 dart slugs
  6 leopard geckos
  67 orcs
  2 ball pythons (D:6)
  7 bats
  6 giant cockroaches
  18 goblins
  7 hobgoblins
  10 jackals
  12 kobolds
  7 quokkas
  8 frilled lizards
  8 rats
355 creatures vanquished.

Vanquished Creatures (others)
  4 starspawn tentacles (Abyss:2)
4 creatures vanquished.

Grand Total: 359 creatures vanquished

Notes
Turn   | Place    | Note
-------+----------+-------------------------------------------
     0 | D:1      | DildoBatman the Formicid Conjurer began the quest for the
                  | Orb.
     0 | D:1      | Reached XP level 1. HP: 13/13 MP: 3/3
   210 | D:1      | Reached XP level 2. HP: 19/19 MP: 1/5
   220 | D:1      | Learned a level 2 spell: Searing Ray
   531 | D:1      | Reached XP level 3. HP: 24/24 MP: 1/6
  1228 | D:2      | Found a burning altar of Makhleb.
  1248 | D:2      | Found a shadowy altar of Dithmenos.
  1279 | D:2      | Found a radiant altar of Vehumet.
  1287 | D:2      | Found an ornate altar of the Wu Jian Council.
  1525 | D:2      | Reached XP level 4. HP: 30/30 MP: 4/7
  1802 | D:2      | Reached skill level 5 in Conjurations
  2256 | D:3      | Reached XP level 5. HP: 23/35 MP: 2/8
  2787 | D:3      | Noticed Grinder
  2936 | D:3      | Found a glowing silver altar of Zin.
  3181 | D:3      | Reached skill level 1 in Fighting
  3181 | D:3      | Reached skill level 1 in Armour
  3181 | D:3      | Reached XP level 6. HP: 32/43 MP: 0/9
  3656 | D:4      | Reached XP level 7. HP: 50/50 MP: 3/12
  3780 | D:4      | Reached skill level 5 in Spellcasting
  3923 | D:4      | Reached XP level 8. HP: 45/56 MP: 7/17
  4236 | D:5      | Entered Level 5 of the Dungeon
  4279 | D:5      | Found a white marble altar of Elyvilon.
  4888 | D:6      | Found a staircase to the Ecumenical Temple.
  4897 | Temple   | Entered the Ecumenical Temple
  5201 | Temple   | Became a worshipper of Kikubaaqudgha
  5255 | D:5      | Found Vousisk's General Store.
  5360 | D:2      | Killed Grinder
  5415 | D:2      | Reached XP level 9. HP: 44/65 MP: 6/19
  5554 | D:3      | Noticed Robin
  5558 | D:3      | Killed Robin
  5669 | D:4      | Noticed Eustachio
  5687 | D:4      | Killed Eustachio
  5730 | D:4      | Reached * piety under Kikubaaqudgha
  5730 | D:4      | Identified Kikubaaqudgha's Catalogue of Necromancy
                  | (Kikubaaqudgha gifted it to you on level 4 of the Dungeon)
  5730 | D:4      | Received a gift from Kikubaaqudgha
  5875 | D:5      | Reached skill level 1 in Necromancy
  5876 | D:5      | Reached skill level 5 in Armour
  5888 | D:5      | Reached skill level 5 in Fighting
  6235 | D:5      | Bought a scroll of remove curse for 45 gold pieces
  6305 | D:5      | Noticed Edmund
  6326 | D:5      | Killed Edmund
  6402 | D:5      | Learned a level 2 spell: Sublimation of Blood
  6406 | D:5      | Learned a level 3 spell: Vampiric Draining
  6583 | D:5      | Reached ** piety under Kikubaaqudgha
  6913 | D:6      | Reached skill level 5 in Necromancy
  7268 | D:6      | Found an opulent altar of Gozag.
  7641 | D:7      | Reached XP level 10. HP: 38/74 MP: 7/20
  7685 | D:7      | Found a sparkling altar of Nemelex Xobeh.
  7914 | D:7      | Noticed Joseph
  7919 | D:7      | Found a bloodstained altar of Trog.
  7993 | D:7      | Found a shimmering blue altar of Sif Muna.
  7997 | D:7      | Identified Sif Muna's Incunabulum of Confrontation
  8020 | D:7      | Learned a level 3 spell: Conjure Flame
  8024 | D:7      | Learned a level 3 spell: Mephitic Cloud
  8050 | D:7      | Found a runed translucent door.
  8055 | D:7      | Noticed Kaiern's ghost (novice TeFi)
  8766 | D:7      | Killed Joseph
  8767 | D:7      | Reached skill level 1 in Fire Magic
  8767 | D:7      | Reached skill level 1 in Air Magic
  8901 | D:8      | Noticed a two-headed ogre
  8995 | D:8      | Found a hide-covered altar of Uskayaw.
  9090 | D:8      | Found a transporter.
  9094 | D:8      | Noticed Bergy's ghost (novice PaFi)
  9095 | D:8      | Identified the +8 great mace "Lerelley" {drain, Int+4 Dex+6
                  | Stlth+}
  9097 | D:8      | Found a transporter.
  9370 | D:8      | Found a staircase to the Lair.
  9393 | D:8      | Found a basalt altar of Yredelemnul.
  9747 | D:8      | Got a faintly glowing ring mail
  9755 | D:8      | You fall into a shaft and drop 2 floors!
  9755 | D:10     | Entered Level 10 of the Dungeon
  9803 | D:9      | Reached *** piety under Kikubaaqudgha
  9803 | D:9      | Identified Kikubaaqudgha's Incunabulum of Evil Rituals
                  | (Kikubaaqudgha gifted it to you on level 9 of the Dungeon)
  9803 | D:9      | Received a gift from Kikubaaqudgha
  9820 | D:9      | Learned a level 4 spell: Dispel Undead
  9826 | D:9      | Learned a level 5 spell: Borgnjor's Vile Clutch
  9874 | D:9      | Identified the +3 ring mail of the Eternal Void {rElec
                  | rPois Regen+} (You found it on level 8 of the Dungeon)
  9912 | D:9      | Noticed Gastronok
 10001 | D:9      | Reached skill level 1 in Earth Magic
 10081 | D:9      | Found a sparkling altar of Nemelex Xobeh.
 10099 | D:9      | Found an iron altar of Okawaru.
 10150 | D:9      | Reached skill level 2 in Earth Magic
 10425 | D:9      | Killed Gastronok
 10426 | D:9      | Reached skill level 3 in Earth Magic
 10426 | D:9      | Reached skill level 5 in Poison Magic
 10426 | D:9      | Reached XP level 11. HP: 72/79 MP: 2/21
 10495 | D:9      | Reached skill level 5 in Fire Magic
 10495 | D:9      | Reached skill level 4 in Earth Magic
 10657 | D:9      | Found a staircase to the Orcish Mines.
 10762 | D:10     | Reached **** piety under Kikubaaqudgha
 10860 | D:10     | Noticed a two-headed ogre
 10884 | D:10     | Killed a two-headed ogre
 10926 | D:10     | Noticed a cyclops
 10939 | D:10     | Killed a cyclops
 11073 | D:10     | Reached skill level 5 in Earth Magic
 11161 | D:10     | Found Paas's Jewellery Boutique.
 11634 | D:7      | Killed a two-headed ogre
 11635 | D:7      | Reached skill level 5 in Air Magic
 11671 | D:7      | Killed Kaiern's ghost
 11672 | D:7      | Reached skill level 6 in Earth Magic
 11838 | D:8      | Killed Bergy's ghost
 11839 | D:8      | Reached XP level 12. HP: 85/86 MP: 5/22
 11974 | D:9      | Gained mutation: Your natural rate of healing is unusually
                  | fast. [potion of mutation]
 11974 | D:9      | Gained mutation: Your mind is acute. (Int +2) [potion of
                  | mutation]
 11974 | D:9      | Gained mutation: You have a somewhat thin skeletal
                  | structure. (Dex +2, Stealth) [potion of mutation]
 11974 | D:9      | Gained mutation: You are robust. (+10% HP) [potion of
                  | mutation]
 11976 | Orc:1    | Entered Level 1 of the Orcish Mines
 11984 | Orc:1    | Noticed Jorgrun
 12284 | Orc:1    | Reached skill level 7 in Earth Magic
 12361 | D:11     | Reached ***** piety under Kikubaaqudgha
 12472 | D:11     | Got a crude platinum ring
 12474 | D:11     | Identified the ring "Ceck" {+Inv rF+ Dex+6 SInv} (You found
                  | it on level 11 of the Dungeon)
 12496 | D:11     | Reached skill level 8 in Earth Magic
 12508 | D:11     | Reached skill level 9 in Earth Magic
 12542 | D:11     | Noticed a skeletal warrior
 12550 | D:11     | Cast into level 2 of the Abyss (skeletal warrior)
 12550 | Abyss:2  | Found a corrupted altar of Lugonu.
 12623 | Abyss:2  | Noticed a green death
 12637 | Abyss:2  | Killed a green death
 12638 | Abyss:2  | Reached skill level 10 in Earth Magic
 12758 | Abyss:2  | Noticed a tentacled starspawn
 12792 | Abyss:2  | Noticed a starcursed mass
 12856 | Abyss:2  | Noticed a thrashing horror
 12857 | Abyss:2  | Noticed a tentacled starspawn
 12863 | Abyss:2  | Noticed a thrashing horror
 12865 | Abyss:2  | Noticed a thrashing horror
 12868 | Abyss:2  | Killed a thrashing horror
 12869 | Abyss:2  | Reached skill level 5 in Stealth
 12871 | Abyss:2  | Killed a thrashing horror
 12871 | Abyss:2  | Killed a thrashing horror
 12872 | Abyss:2  | Reached skill level 11 in Earth Magic
 12924 | Abyss:2  | Noticed a wretched star
 12952 | Abyss:2  | Noticed a green death
 13006 | Abyss:2  | Noticed a starcursed mass
 13009 | Abyss:2  | Noticed a rakshasa
 13029 | Abyss:2  | Noticed a wretched star
 13055 | Abyss:2  | Noticed a starcursed mass
 13066 | Abyss:2  | Collided with a rock wall

Illustrated notes

Levels and vault maps discovered:
D:1:      dpeg_arrival_morbid_curiosity, layout_loops_ring, minmay_tromino_i2
D:2:      layout_basic, nicolae_overflow_quartered_altars, minmay_between
D:3:      layout_basic, zin_academy, uniq_robin, uniq_grinder
D:4:      layout_loops_ring, uniq_eustachio
D:5:      layout_basic, elyvilon_altar_5, serial_shops, shop,
          roderic_serpentine_path, uniq_edmund
D:6:      layout_basic, old_standard_altar, minmay_temple_entry_junction_2,
          minmay_fractal_squares_5
D:7:      layout_layer_cave, nzn_overflow_gifts_of_might_and_magic,
          ebering_ghost_reflecting_pool, nemelex_xobeh_ov_fountains_minmay,
          uniq_joseph
D:8:      layout_loops_ring, marbit_many_paths, lemuel_coloured_pillars_altar,
          lair_entry_dummy, gammafunk_ghost_smash, kennysheep_path_1
D:9:      kennysheep_ambush_hall, layout_cave_pools, grunt_temple_overflow_open,
          orc_0_dummy, uniq_gastronok
D:10:     layout_long_grid, serial_shops, shop
D:11:     hangedman_screamer, layout_gridville
Temple:   compressed_dpeg_triangle_lava_temple
Orc:1:    layout_caves, special_room [special_room_bee], uniq_jorgrun
Abyss:2:  base: D:5, base: D:11, bh_abyss_exit_grid, evilmike_abyss_exit_14,
          evilmike_abyss_exit_12

Skill      XL: |  1  2  3  4  5  6  7  8  9 10 11 12 |
---------------+-------------------------------------+-----
Conjurations   | 4 5 6 |  6.0
Fighting       | 1 2 3 5 |  5.0
Armour         | 1 2 3 5 |  5.0
Spellcasting   | 3 6 7 |  7.0
Dodging        | 3 |  3.0
Necromancy     | 6 8 9 |  9.0
Fire Magic     | 4 6 |  6.0
Air Magic      | 3 5 6 |  6.0
Poison Magic   | 5 |  5.0
Earth Magic    | 3 6 11 | 11.1
Stealth        | 6 |  6.3

Action                   |  1- 3 |  4- 6 |  7- 9 | 10-12 || total
-------------------------+-------+-------+-------+-------++-------
Melee: Mace              |    10 |     1 |       |       ||    11
       Dagger            |       |     9 |    10 |       ||    19
       Long sword        |       |       |     6 |   101 ||   107
       Flail             |       |       |       |    17 ||    17
       Great mace        |       |       |       |    76 ||    76
 Fire: Hunting sling     |       |       |       |    57 ||    57
       Shortbow          |       |       |       |     8 ||     8
 Cast: Magic Dart        |    51 |    33 |     3 |       ||    87
       Searing Ray       |     5 |    21 |    77 |    53 ||   156
       Vampiric Draining |       |       |       |    14 ||    14
       Conjure Flame     |       |       |       |    19 ||    19
       Sublimation of Bl |       |       |       |     6 ||     6
       Dispel Undead     |       |       |       |     8 ||     8
       Mephitic Cloud    |       |       |       |     4 ||     4
       Borgnjor's Vile C |       |       |       |    22 ||    22
 Abil: Dig               |     4 |    10 |    24 |    56 ||    94
  Use: Scroll            |       |     7 |     4 |     6 ||    17
       Potion            |       |       |     1 |     3 ||     4
 Stab: Sleeping          |     1 |       |       |       ||     1
       Confused          |       |       |       |     1 ||     1
Armor: Robe              |     6 |     6 |     8 |     2 ||    22
       Ring mail         |       |       |       |   181 ||   181
Dodge: Dodged            |    17 |    13 |    58 |   244 ||   332
Block: Other             |     5 |     4 |    14 |     8 ||    31
       Reflection        |       |       |     1 |     1 ||     2
       Rpst.: Long sword |       |       |     6 |    29 ||    35
